 Dungeon Crawl Stone Soup version 0.30-a0-297-g0ec75d9ef4 (webtiles) character file.

Game seed: 5478948302750346137

101 Iusername the Covered (level 4, -3/41 HPs)
             Began as a Minotaur Fighter on Oct 18, 2022.
             Killed from afar by Sigmund (12 damage)
             ... with a bolt of dispelling energy
             ... on level 3 of the Dungeon.
             The game lasted 00:02:04 (1901 turns).

Iusername the Covered (Minotaur Fighter)            Turns: 1901, Time: 00:02:04

Health: -3/41      AC:  8    Str: 22    XL:     4   Next: 48%
Magic:  3/3        EV:  9    Int:  5    God:
Gold:   123        SH:  4    Dex: 10    Spells: 3/3 levels left

rFire   . . .      SeeInvis .    a - +0 trident
rCold   . . .      Faith    .    c - +0 buckler
rNeg    . . .      Spirit   .    b - +0 scale mail
rPois   .          Reflect  .    (helmet restricted)
rElec   .          Harm     .    (no cloak)
rCorr   .          Rampage  .    (no gloves)
Will    .....                    q - +0 pair of boots
Stlth   ..........               (no amulet)
HPRegen 0.26/turn                (no ring)
MPRegen 0.08/turn                (no ring)

@: no status effects
A: horns 2, retaliatory headbutt
a: no special abilities


You were on level 3 of the Dungeon.
You visited 1 branch of the dungeon, and saw 3 of its levels.

You collected 123 gold pieces.

Inventory:

Hand Weapons
 a - a +0 trident (weapon)
Armour
 b - a +0 scale mail (worn)
 c - a +0 buckler (worn)
 g - a +0 pair of boots
 q - a +0 pair of boots (worn)
Jewellery
 m - a ring of flight
Scrolls
 e - a scroll of brand weapon {unknown}
 f - a scroll of enchant weapon {unknown}
 j - 2 scrolls of teleportation {unknown}
 k - 2 scrolls of immolation
 l - a scroll of torment
 n - a scroll of amnesia
 p - a scroll of fog {unknown}
Potions
 d - a potion of might
 h - 2 potions of brilliance {unknown}
 i - 2 potions of berserk rage {unknown}
 o - a potion of attraction {unknown}
 r - a potion of invisibility {unknown}


   Skills:
 + Level 4.4 Fighting
 + Level 3.5 Polearms
 + Level 4.5 Armour
 + Level 4.4 Shields


You had 3 spell levels left.
You didn't know any spells.
Your spell library contained the following spells:

 Spells                   Type           Power      Damage    Failure   Level
 Ensorcelled Hibernation  Hex/Ice        0%         N/A       95%         2
 Passwall                 Tmut/Erth      0%         N/A       95%         2
 Swiftness                Air            0%         N/A       99%         3


Dungeon Overview and Level Annotations

Branches:
Dungeon (3/15)

Altars:
Okawaru

Shops:
D:1 :

Annotations:
D:3 Sigmund


Innate Abilities, Weirdness & Mutations

You have a pair of horns on your head.
You reflexively headbutt those who attack you in melee.


Message History

Sigmund the Dreaded comes into view.
He is wielding a +0 scythe, wearing a +2 robe of willpower and carrying a wand of quicksilver (8).
Sigmund shouts!
Sigmund is nearby!
Sigmund is nearby!
You reach to attack!
You closely miss Sigmund. You block Sigmund's attack.
Sigmund is nearby!
You reach to attack!
You puncture Sigmund!
Sigmund is moderately wounded.
Sigmund zaps a wand.
The bolt of dispelling energy hits you!
Sigmund is nearby!
You reach to attack!
You barely miss Sigmund.
Sigmund is moderately wounded.
Sigmund hits you but does no damage.
Sigmund is nearby!
You reach to attack!
You hit Sigmund.
Sigmund is moderately wounded.
Sigmund gestures wildly while chanting.
Sigmund flickers and vanishes!
Deactivating autopickup; reactivate with Ctrl-A.
There is a strange disturbance nearby!
There is a strange disturbance nearby!
No target in view!
There is a strange disturbance nearby!
No target in view!
There is a strange disturbance nearby!
No target in view!
You hear a zap.
A bolt of dispelling energy appears from out of thin air!
The bolt of dispelling energy hits you!
You miss something.
You hear a zap.
A bolt of dispelling energy appears from out of thin air!
The bolt of dispelling energy hits you.
You hit something. Something hits you.
* * * LOW HITPOINT WARNING * * *
You closely miss something. Your headbutt misses something.
You hear a zap.
A bolt of dispelling energy appears from out of thin air!
The bolt of dispelling energy hits you!
You die...

#.# ##### #.# #.# #.# #..
#.########.# #........#.#
##########.# ########
#.#+##.## .......#
#{....... +##'##+### #@#
...#.....# #.#
...#.....### #.#
'##'##'##'.#####.####.##
#.....#..#.....#........
#'###+#..#####.#.####.##
#.....#..####.##.#
+.._..+..+...###.#
#.....#..####.##(#+##.###


There were no monsters in sight!

Vanquished Creatures
  6 adders
  A worm (D:2)
  A dart slug (D:2)
  3 orcs (D:3)
  5 bats
  3 endoplasms
  2 giant cockroaches
  5 goblins
  A hobgoblin (D:2)
  4 jackals (D:2)
  A quokka (D:1)
  2 frilled lizards (D:1)
  A kobold (D:2)
  4 rats
39 creatures vanquished.

Notes
Turn   | Place    | Note
-------+----------+-------------------------------------------
     0 | D:1      | Iusername the Minotaur Fighter began the quest for the Orb.
     0 | D:1      | Reached XP level 1. HP: 19/19 MP: 0/0
    64 | D:1      | Found Poiny's Book Shoppe.
   757 | D:2      | Reached XP level 2. HP: 27/27 MP: 1/1
   857 | D:2      | Reached XP level 3. HP: 20/33 MP: 2/2
  1058 | D:2      | You fall into a shaft and drop 1 floor!
  1076 | D:3      | Found an iron altar of Okawaru.
  1212 | D:3      | Reached XP level 4. HP: 35/40 MP: 3/3
  1815 | D:3      | Found a faded altar of an unknown god.
  1891 | D:3      | Noticed Sigmund
  1901 | D:3      | Killed from afar by Sigmund

Illustrated notes

Levels and vault maps discovered:
D:1:      dpeg_arrival_rhombus, layout_basic, serial_shops, shop
D:2:      layout_basic, minmay_strange_pillars
D:3:      minmay_door_path, layout_loops_ring, mainiacjoe_overflow_24_doors,
          basic_ecumenical_altar, moated_statue, minmay_misc_feat_tiny,
          uniq_sigmund

Skill      XL: |  1  2 |
---------------+-------+-----
Fighting       | 4 |  4.4
Armour         | 4 |  4.5
Shields        | 4 |  4.4
Polearms       | 3 |  3.5

Action                   |  1- 3 |  4- 6 || total
-------------------------+-------+-------++-------
Melee: Trident           |    75 |    39 ||   114
       Headbutt          |    10 |     2 ||    12
  Use: Scroll            |       |     3 ||     3
Armor: Scale mail        |    42 |     7 ||    49
Dodge: Dodged            |    37 |    11 ||    48
Block: Buckler           |    18 |     6 ||    24

Table legend: (Time is in decaauts)
 A = Elapsed time spent in this place.
 B = Non-inter-level travel time spent in this place.
 C = Inter-level travel time spent in this place.
 D = Time resting spent in this place.
 E = Time spent auto-exploring this place.
 F = Levels seen in this place.
 G = Mean time per level.
                   A        B        C        D        E       F      G
               +--------+--------+--------+--------+--------+-----+--------+
         Total |   1923 |   1832 |     91 |      0 |   1528 |   3 |  641.0 |
       Dungeon |   1923 |   1832 |     91 |      0 |   1528 |   3 |  641.0 |
               +--------+--------+--------+--------+--------+-----+--------+

Top non-repeatable levels by time:
     D:2: 759 daAuts
     D:1: 688 daAuts
     D:3: 475 daAuts
